 Dungeon Crawl Stone Soup version 0.31.0-11-ge490571c62 (webtiles) character file.

Game seed: 16189916181721797028

34756 stipulation the Dealer of Despair (level 13, -1/55 HPs)
             Began as a Vine Stalker Necromancer on Jan 29, 2024.
             Was an Elder of Kikubaaqudgha.
             Slain by a yak (7 damage)
             ... on level 5 of the Lair of Beasts.
             The game lasted 00:44:23 (15894 turns).

stipulation the Dealer of Despair (VSNe)           Turns: 15894, Time: 00:44:24

Health: -1/55      AC: 10    Str: 11    XL:     13   Next: 79%
Magic:  0/37       EV: 17    Int: 22    God:    Kikubaaqudgha [****..]
Gold:   225        SH:  0    Dex: 16    Spells: 9/32 levels left

rFire   + . .        O - +4 short sword (freeze)
rCold   + . .        T - orb {*channel}
rNeg    . . .        N - +2 robe {rC+ rF+}
rPois   .            R - +2 hat {Int+3}
rElec   .            (no cloak)
rCorr   .            n - +0 pair of gloves
SInv    .            A - +0 pair of boots
Will    +....        M - amulet of magic regeneration
Stlth   ++           r - ring of magical power
HPRegen 1.09/turn    F - +5 ring of evasion
MPRegen 0.65/turn

%: guardian spirit, channel magic (20%)
@: about to teleport, very slightly contaminated, invisible
A: fangs 3, regeneration 1, magic shield, antimagic bite, no potion heal 2,
claws 1, iridescent scales 1, evolution 2
a: Renounce Religion, Unearth Wretches


You were on level 5 of the Lair of Beasts.
You worshipped Kikubaaqudgha.
Kikubaaqudgha was greatly pleased with you.
You visited 3 branches of the dungeon, and saw 17 of its levels.

You collected 962 gold pieces.
You spent 737 gold pieces at shops.

Inventory:

Hand Weapons
 O - a +4 short sword of freezing (weapon)
Armour
 c - a +0 pair of gloves
 e - a +0 helmet
 n - a +0 pair of gloves (worn)
 A - a +0 pair of boots (worn)
 L - +0 steam dragon scales
 N - a +2 robe of resistance (worn)
 R - a +2 hat of intelligence (worn)
 T - an orb of energy (worn)
Jewellery
 a - a ring of fire
 i - a ring of protection from fire
 r - a ring of magical power (left hand)
 y - an amulet of the acrobat
 E - a +6 ring of dexterity
 F - a +5 ring of evasion (right hand)
 M - an amulet of magic regeneration (around neck)
 P - a +6 ring of intelligence
 U - a ring of resist corrosion
 V - an amulet of reflection
Wands
 J - a wand of flame (34)
 K - a wand of mindburst (7)
Scrolls
 f - 2 scrolls of poison
 h - 2 scrolls of vulnerability
 j - 2 scrolls of revelation
 p - 3 scrolls of fog
 q - 2 scrolls of enchant weapon
 t - 4 scrolls of fear {unknown}
 w - 4 scrolls of teleportation
 x - a scroll of brand weapon {unknown}
 B - a scroll of immolation
 C - a scroll of amnesia
 G - a scroll of enchant armour
 S - a scroll of silence {unknown}
 W - a scroll of acquirement {unknown}
Potions
 b - 2 potions of magic
 d - 12 potions of degeneration
 g - 3 potions of lignification
 k - 4 potions of ambrosia
 l - 4 potions of curing
 m - 4 potions of resistance
 o - 5 potions of enlightenment {unknown}
 s - 3 potions of heal wounds {unknown}
 u - a potion of attraction
 v - a potion of invisibility
 z - 4 potions of might
 D - a potion of cancellation
 H - a potion of haste
 I - 2 potions of berserk rage
 Q - a potion of mutation


   Skills:
 - Level 10.0 Short Blades
 - Level 1.5 Dodging
 - Level 2.4 Stealth
 + Level 10.4 Spellcasting
 - Level 4.0 Summonings
 + Level 17.8 Necromancy


You had 9 spell levels left.
You knew the following spells:

 Your Spells              Type           Power      Damage    Failure   Level
a - Necrotise             Necr           100%       1d9       1%          1
b - Vampiric Draining     Necr           74%        2d11      1%          3
c - Animate Dead          Necr           74%        N/A       1%          4
d - Sublimation of Blood  Necr           74%        N/A       1%          2
e - Curse of Agony        Necr           74%        N/A       1%          5
f - Martyr's Knell        Necr/Summ      56%        N/A       4%          4
g - Dispel Undead         Necr           74%        3d25      1%          4

Your spell library contained the following spells:

 Spells                   Type           Power      Damage    Failure   Level
 Kiss of Death            Conj/Necr      100%       2d13      1%          1
 Fugue of the Fallen      Necr           74%        N/A       1%          3
 Summon Small Mammal      Summ           100%       N/A       5%          1
 Borgnjor's Vile Clutch   Necr/Erth      25%        N/A       13%         5
 Apportation              Tloc           22%        N/A       17%         1
 Sting                    Conj/Alch      44%        1d5       17%         1
 Scorch                   Fire           22%        2d5       22%         2
 Searing Ray              Conj           22%        2d5       22%         2
 Brom's Barrelling Bould  Conj/Erth      11%        2d3       71%         4
 Flame Wave               Conj/Fire      11%        2d6       71%         4
 Manifold Assault         Tloc           11%        N/A       71%         4
 Fireball                 Conj/Fire      5%         3d5       95%         5
 Irradiate                Conj/Alch      5%         3d13      95%         5
 Iskenderun's Battlesphe  Conj           11%        2d7       95%         5
 Summon Cactus Giant      Summ           14%        N/A       95%         6
 Conjure Ball Lightning   Conj/Air       5%         3x3d6     100%        6
 Dispersal                Tloc           5%         N/A       100%        6
 Orb of Destruction       Conj           5%         9d5       100%        7
 Disjunction              Tloc           5%         N/A       100%        8
 Chain Lightning          Conj/Air       5%         3d7       100%        9


Dungeon Overview and Level Annotations

Branches:
Dungeon (11/15)            Temple (1/1) D:5            Lair (5/5) D:8
 Shoals (0/4) Lair:3        Snake (0/4) Lair:2        Slime (0/5) Lair:4
    Orc (0/2) D:11

Altars:
Ashenzari
Cheibriados
Dithmenos
Elyvilon
Fedhas
Gozag
Hepliaklqana
Kikubaaqudgha
Makhleb
Nemelex Xobeh
Okawaru
Qazlal
Ru
Sif Muna
Trog
Uskayaw
Vehumet
Wu Jian
Xom
Yredelemnul
Zin
The Shining One
Jiyva

Shops:
D:2 !(((:   D:3 !   D:5 (   D:8 (   D:9 :   D:10 *

Annotations:
D:5 2 transporters, 1 runed translucent door, Strat's ghost, novice AtCj
Lair:4 1 runed translucent door


Innate Abilities, Weirdness & Mutations

You have razor-sharp teeth.
Your natural rate of healing is unusually fast.
When hurt, damage is shared between your health and your magic reserves.
Your bite disrupts and absorbs the magic of your enemies.
Potions cannot restore your health.
You have sharp fingernails.
You are partially covered in iridescent scales. (AC +2)
You have great hidden genetic potential.


Message History

Your komodo dragon zombie bites the cane toad!!
The elephant tramples your flayed ghost.
Your flayed ghost holds its ground!
The elephant trunk-slaps your flayed ghost.
The five-headed hydra bites your five-headed hydra zombie! x4
Your five-headed hydra zombie is destroyed!
The polar bear bites your water moccasin zombie!
The polar bear closely misses your water moccasin zombie. x2
The yak gores your water moccasin zombie.
The elephant tramples your death yak zombie!
Your death yak zombie holds its ground!
The elephant trunk-slaps your death yak zombie.
Casting: Vampiric Draining (safe; 1% risk of failure)
Confirm with . or Enter, or press ? or * to list all spells.
You don't have enough magic to cast this spell.
Okay, then.
As you read the scroll of teleportation, it crumbles to dust.
You feel strangely unstable.
The sentinel's mark upon you fades away.
Your reaping aura expires.
The wolf misses you.
The water moccasin bites your death yak zombie but does no damage.
The wolf bites your yak zombie!
Your water moccasin zombie bites the polar bear!
The water moccasin bites your flayed ghost!
The rime drake misses you.
The cane toad barely misses your komodo dragon zombie.
A cane toad comes into view.
The wolf misses you.
Your flayed ghost closely misses the water moccasin.
Your death yak zombie gores the elephant.
Your water moccasin zombie barely misses the yak.
Your yak zombie gores the yak!
Your yak zombie gores the wolf.
The wolf bites your yak zombie!
The polar bear bites your water moccasin zombie!
The polar bear claws your water moccasin zombie.
The polar bear completely misses your water moccasin zombie.
The yak gores you!
You die...
Kikubaaqudgha rasps: "You have failed me!
Welcome... death!"

......#
..Y$....#
#.......#
#....S..###
#...Y.YD.
#...ZYFY#
#.#...SWZ#####F.
.....Z.D@kYZ....
#...ZZYhYh.h...
......ZhFSZ.....
#........?......
#...............
..............P.
......#.#....###
#.#..####P..##
##### ..##


You could see 2 five-headed hydras, 5 elephants, a polar bear (unable to see
you, ally target), 3 yaks, 3 cane toads, a rime drake (unable to see you), 3
water moccasins, 3 wolves, a friendly flayed ghost (summoned), 2 friendly komodo
dragon zombies, 2 friendly water moccasin zombies, 2 friendly yak zombies, a
friendly death yak zombie and a friendly cane toad zombie.

Vanquished Creatures
  2 two-headed ogres
  A boulder beetle (D:11)
  A deep elf pyromancer (D:7)
  A cyclops (D:11)
  5 elephants (Lair:3)
  2 black mambas
  A torpor snail (Lair:2)
  4 cane toads
  2 unseen horrors (D:11)
  A rime drake (Lair:3)
  7 komodo dragons
  An ice devil (Lair:1)
  A hornet (D:11)
  2 trolls
  6 blink frogs
  A centaur simulacrum (D:11)
  A shadow (D:11)
  A wraith (D:10)
  2 wyverns (Lair:1)
  3 steam dragons
  21 yaks
  2 basilisks (Lair:2)
  Menkaure (D:5)
  14 water moccasins
  3 acid dragons
  3 orc warriors
  A swamp drake (D:11)
  2 sky beasts
  3 black bears
  4 ice beasts
  2 ogres
  2 wolves
  4 centaurs
  2 kobold brigands
  9 bullfrogs
  3 scorpions
  A gnoll sergeant (D:10)
  4 wights
  6 howler monkeys
  4 electric eels
  A crimson imp (D:8)
  A lava snake (D:7)
  A jelly (D:5)
  2 bombardier beetles
  4 hounds
  6 orc priests
  2 iguanas
  12 orc wizards
  13 gnolls
  2 adders
  A shadow imp (D:6)
  2 ufetubi (D:6)
  2 dart slugs
  30 orcs
  3 bats
  4 endoplasms
  3 giant cockroaches
  5 goblins
  9 hobgoblins
  4 ball pythons
  4 frilled lizards
  A goblin skeleton (D:8)
  A hobgoblin zombie (D:8)
  11 kobolds
  2 kobold skeletons (D:8)
  2 orc skeletons (D:8)
  2 orc zombies (D:8)
  4 rats
270 creatures vanquished.

Vanquished Creatures (collateral kills)
  Gastronok (Lair:1)
  A hydra (Lair:3)
  Amaemon (Lair:2)
  A lindwurm (Lair:4)
  An oklob plant (Lair:2)
  A black mamba (Lair:4)
  An elephant (Lair:3)
  An orange demon (Lair:2)
  A cane toad (Lair:2)
  5 komodo dragons
  An ice devil (Lair:1)
  A troll (D:9)
  A polar bear (Lair:2)
  14 blink frogs
  A snapping turtle (Lair:3)
  A wraith (D:11)
  A water elemental (Lair:3)
  19 yaks
  A basilisk (Lair:2)
  3 nagas (Lair:2)
  6 water moccasins
  A black bear (Lair:4)
  2 wolves (Lair:1)
  A kobold brigand (D:6)
  8 bullfrogs
  4 wights
  An electric eel (D:11)
  A crimson imp (D:10)
  A hound (D:7)
  An adder (D:6)
  10 orcs
  3 kobolds
96 creatures vanquished.

Vanquished Creatures (others)
  A hydra (Lair:5)
  2 death yaks
  2 torpor snails
  An unseen horror zombie (D:11)
  2 cane toads
  A komodo dragon (Lair:2)
  A kobold demonologist (D:10)
  A hydra zombie (Lair:5)
  A troll (D:10)
  A blink frog (Lair:2)
  3 cane toad zombies
  A water moccasin (Lair:2)
  An elephant zombie (Lair:3)
  A torpor snail zombie (Lair:2)
  2 komodo dragon zombies
  2 bullfrogs (Lair:2)
  A wyvern zombie (Lair:1)
  7 water moccasin zombies
  4 yak zombies
  2 wolf zombies (Lair:1)
  A centaur zombie (D:8)
  6 bullfrog zombies
  A jelly (D:6)
  A basilisk zombie (Lair:2)
  A black bear zombie (D:8)
  A gnoll bouda (D:10)
  An acid dragon zombie (D:11)
  An ogre zombie (D:11)
  2 howler monkey zombies (D:8)
  An orc (D:10)
  4 gnoll zombies (D:10)
  4 kobold zombies (D:9)
  15 orc zombies
76 creatures vanquished.

Grand Total: 442 creatures vanquished

Notes
Turn   | Place    | Note
-------+----------+-------------------------------------------
     0 | D:1      | stipulation the Vine Stalker Necromancer began the quest
                  | for the Orb.
     0 | D:1      | Reached XP level 1. HP: 9/9 MP: 4/4
   137 | D:1      | Reached XP level 2. HP: 13/13 MP: 4/6
   507 | D:1      | Reached XP level 3. HP: 16/16 MP: 8/8
   734 | D:2      | Found Ebreoz's Weapon Emporium.
   761 | D:1      | Learned a level 3 spell: Vampiric Draining
   927 | D:2      | Identified the +3 long sword of the Burning Augurer {elec,
                  | rN++}
  1096 | D:2      | Reached XP level 4. HP: 21/21 MP: 6/10
  1229 | D:2      | Found Ebrix's Distillery.
  1237 | D:2      | Bought a potion of curing for 42 gold pieces
  1247 | D:2      | Found Momupnya's Antique Weapon Shop.
  1276 | D:2      | Found Veynamov's Antique Weapon Emporium.
  1471 | D:2      | Found Ukuasu Saeto's Book Boutique.
  1691 | D:3      | Reached skill level 5 in Necromancy
  1791 | D:3      | Found Xuqun's Distillery.
  1805 | D:3      | Bought a potion of attraction for 36 gold pieces
  1810 | D:3      | Learned a level 4 spell: Animate Dead
  2035 | D:3      | Reached XP level 5. HP: 24/24 MP: 11/11
  2497 | D:4      | Got the Grimoire of Bombardment
  2629 | D:4      | Found a broken altar of Ashenzari.
  2682 | D:4      | Noticed a sky beast
  2701 | D:4      | Killed a sky beast
  2762 | D:4      | Reached XP level 6. HP: 24/28 MP: 13/13
  3331 | D:5      | Entered Level 5 of the Dungeon
  3343 | D:5      | Found a transporter.
  3346 | D:5      | Noticed a fire bat
  3350 | D:5      | Reached skill level 6 in Necromancy
  3404 | D:5      | Noticed an ice beast
  3427 | D:5      | Found a staircase to the Ecumenical Temple.
  3440 | Temple   | Entered the Ecumenical Temple
  3448 | Temple   | Became a worshipper of Kikubaaqudgha
  3598 | D:5      | Noticed an ice beast
  3615 | D:5      | Killed an ice beast
  3616 | D:5      | Reached XP level 7. HP: 32/32 MP: 14/15
  3717 | D:5      | Reached skill level 5 in Spellcasting
  3766 | D:5      | Reached skill level 7 in Necromancy
  3886 | D:5      | Found a transporter.
  3977 | D:5      | Noticed Menkaure
  4046 | D:5      | Killed Menkaure
  4165 | D:5      | Identified the +1 buckler of the Purple Skies {rF++ rC+
                  | Will+ Dex-3}
  4178 | D:5      | Reached skill level 8 in Necromancy
  4178 | D:5      | Gained mutation: You have razor-sharp teeth. [Vine Stalker
                  | growth]
  4178 | D:5      | Reached XP level 8. HP: 36/36 MP: 17/17
  4315 | D:5      | Found a runed translucent door.
  4316 | D:5      | Noticed Strat's ghost (novice AtCj)
  4348 | D:5      | You fall into a shaft and drop 2 floors!
  4366 | D:7      | Reached * piety under Kikubaaqudgha
  4366 | D:7      | Received a gift from Kikubaaqudgha
  4373 | D:7      | Learned a level 2 spell: Sublimation of Blood
  4379 | D:7      | Learned a level 5 spell: Curse of Agony
  4618 | D:7      | Reached skill level 9 in Necromancy
  4669 | D:7      | Found a stormy altar of Qazlal.
  4834 | D:7      | Found a sacrificial altar of Ru.
  4964 | D:7      | Noticed a deep elf pyromancer
  4970 | D:7      | Killed a deep elf pyromancer
  4971 | D:7      | Reached skill level 10 in Necromancy
  4971 | D:7      | Reached XP level 9. HP: 39/39 MP: 21/21
  6063 | D:6      | Found a sparkling altar of Nemelex Xobeh.
  6344 | D:6      | Reached ** piety under Kikubaaqudgha
  6345 | D:6      | Reached skill level 11 in Necromancy
  6727 | D:3      | Bought a potion of haste for 120 gold pieces
  6727 | D:3      | Bought a potion of berserk rage for 60 gold pieces
  6727 | D:3      | Bought a potion of invisibility for 96 gold pieces
  6865 | D:5      | Found Cittibag's Antique Weapon Boutique.
  7023 | D:8      | Found Locuth's Antique Weapon Emporium.
  7035 | D:8      | Found a hazy altar of Hepliaklqana.
  7080 | D:8      | Found a glowing golden altar of the Shining One.
  7143 | D:8      | Reached XP level 10. HP: 28/44 MP: 11/23
  7154 | D:8      | Reached skill level 12 in Necromancy
  7244 | D:8      | Found a staircase to the Lair.
  7443 | D:8      | Found a bloodstained altar of Trog.
  7447 | D:8      | Found a shimmering blue altar of Sif Muna.
  7643 | D:8      | Found a glowing silver altar of Zin.
  7915 | D:9      | Found a basalt altar of Yredelemnul.
  7945 | D:9      | Found Qufu's Book Boutique.
  7971 | D:9      | Found an ornate altar of the Wu Jian Council.
  8105 | D:9      | Found a hide-covered altar of Uskayaw.
  8175 | D:9      | Noticed a two-headed ogre
  8191 | D:9      | Killed a two-headed ogre
  8194 | D:9      | Reached skill level 13 in Necromancy
  8463 | D:9      | Found a radiant altar of Vehumet.
  8597 | D:10     | Entered Level 10 of the Dungeon
  9240 | D:10     | Learned a level 4 spell: Martyr's Knell
  9257 | D:10     | Found Jyvobyhoul's Assorted Antiques.
  9267 | D:10     | Bought a runed robe for 111 gold pieces
  9411 | D:10     | Found a shimmering altar of Xom.
  9412 | D:10     | Found a burning altar of Makhleb.
  9420 | D:10     | Found a white marble altar of Elyvilon.
  9610 | D:10     | Reached skill level 10 in Spellcasting
  9825 | D:10     | Reached XP level 11. HP: 47/47 MP: 26/26
 10249 | Lair:1   | Entered Level 1 of the Lair of Beasts
 10464 | D:11     | Reached skill level 1 in Short Blades
 10513 | D:11     | Noticed a two-headed ogre
 10523 | D:11     | Killed a two-headed ogre
 10524 | D:11     | Reached skill level 14 in Necromancy
 11056 | D:11     | Noticed a cyclops
 11069 | D:11     | Killed a cyclops
 11182 | D:11     | Reached *** piety under Kikubaaqudgha
 11182 | D:11     | Received a gift from Kikubaaqudgha
 11198 | D:11     | Learned a level 4 spell: Dispel Undead
 11221 | D:11     | Noticed a boulder beetle
 11472 | D:11     | Killed a boulder beetle
 11473 | D:11     | Reached skill level 5 in Short Blades
 11630 | D:11     | Found a staircase to the Orcish Mines.
 11922 | D:11     | Noticed a boulder beetle
 11926 | D:11     | Noticed a boulder beetle
 11951 | D:11     | HP: 2/47 [boulder beetle (17)]
 12180 | D:3      | Bought a potion of might for 48 gold pieces
 12202 | D:2      | Bought a potion of cancellation for 112 gold pieces
 12202 | D:2      | Bought a potion of ambrosia for 112 gold pieces
 12354 | Lair:1   | Reached skill level 15 in Necromancy
 12358 | Lair:1   | Reached XP level 12. HP: 26/51 MP: 1/27
 12497 | Lair:1   | Reached skill level 16 in Necromancy
 12620 | Lair:1   | Noticed Gastronok
 12655 | Lair:1   | Killed Gastronok
 13140 | Lair:2   | Reached skill level 1 in Summonings
 13140 | Lair:2   | Reached skill level 17 in Necromancy
 13183 | Lair:2   | Found a staircase to the Snake Pit.
 13312 | Lair:2   | Reached **** piety under Kikubaaqudgha
 13333 | Lair:2   | Noticed Amaemon
 13740 | Lair:2   | Reached XP level 13. HP: 55/55 MP: 28/28
 13921 | Lair:2   | Killed Amaemon
 14627 | Lair:3   | Found a staircase to the Shoals.
 15359 | Lair:4   | Reached skill level 10 in Short Blades
 15681 | Lair:4   | Noticed an acid blob
 15682 | Lair:4   | Found a runed translucent door.
 15682 | Lair:4   | Found a viscous altar of Jiyva.
 15682 | Lair:4   | Found a staircase to the Slime Pits.
 15682 | Lair:4   | Noticed an acid blob
 15856 | Lair:4   | Gained mutation: Your body sometimes deteriorates upon
                  | taking damage. [potion of mutation]
 15856 | Lair:4   | Gained mutation: You occasionally lose the ability to read
                  | scrolls when taking damage. [potion of mutation]
 15856 | Lair:4   | Gained mutation: Your mind is acute. (Int +4, Str/Dex -1)
                  | [potion of mutation]
 15859 | Lair:4   | Lost mutation: Your mind is acute. (Int +4, Str/Dex -1)
                  | [potion of mutation]
 15859 | Lair:4   | Lost mutation: You occasionally lose the ability to read
                  | scrolls when taking damage. [potion of mutation]
 15859 | Lair:4   | Lost mutation: Your body sometimes deteriorates upon taking
                  | damage. [potion of mutation]
 15859 | Lair:4   | Gained mutation: You have sharp fingernails. [potion of
                  | mutation]
 15859 | Lair:4   | Gained mutation: You have hidden genetic potential. [potion
                  | of mutation]
 15859 | Lair:4   | Gained mutation: You have great hidden genetic potential.
                  | [potion of mutation]
 15859 | Lair:4   | Gained mutation: You are partially covered in iridescent
                  | scales. (AC +2) [potion of mutation]
 15861 | Lair:5   | Entered Level 5 of the Lair of Beasts
 15894 | Lair:5   | Slain by a yak

Illustrated notes

Levels and vault maps discovered:
D:1:      scummos_arrival_forest, layout_loops_cross, nrook_mini_backslash
D:2:      layout_basic, serial_shops, shop, nicolae_shop_advertising_works
          [nicolae_subvault_shop_adworks], shop, nicolae_shop_peninsula,
          nicolae_square_shop
D:3:      layout_basic, serial_shops, shop
D:4:      layout_basic, lemuel_round_altar, fountainhead
D:5:      gammafunk_cloud_chamber, layout_basic, minmay_temple_entry_ruins,
          serial_shops, nicolae_shop_peninsula, ebering_ghost_reflecting_pool,
          uniq_menkaure
D:6:      cheibrodos_helix_gallery, layout_loops_ring,
          nemelex_spade_bored_becter
D:7:      layout_loops_cross, nicolae_qazlal_eye_of_the_storm,
          mainiacjoe_overflow_six_doors_small, hangedman_decor_slide_cut,
          dreamdust_princess_bridge, corexii_hall_statues_l,
          minmay_misc_feat_room, grunt_decor_junction, minmay_gold_behind_fungi
D:8:      layout_basic, mainiacjoe_overflow_catwalk,
          hellmonk_overflow_destroyed_library, lemuel_doored_altar,
          nicolae_tso_besieged_by_evil, due_lair_maze_entry_diamond,
          serial_shops, shop
D:9:      layout_rooms, mainiacjoe_overflow_small_starburst,
          overflow_temple_1_default, mainiacjoe_overflow_alcove_2,
          mainiacjoe_overflow_surrounded_room, serial_shops,
          nicolae_shop_competitors_out_of_business
D:10:     layout_stronghold, grunt_temple_overflow_champion_of_chaos,
          nicolae_elyvilon_temple_path, serial_shops, nicolae_square_shop
D:11:     minmay_chambers_of_sevens, layout_basic, erik_orc_1,
          minmay_crystal_room
Temple:   nicolae_temple_two_arcs
Lair:1:   layout_cave_shapes, portal_ice_cave_demonic_guard, st_stairs_10,
          uniq_gastronok
Lair:2:   layout_cellular_growth, guppyfry_snake_entry_island, uniq_amaemon
Lair:3:   layout_roguey, minmay_shoals_entry_hut, serial_rivers,
          chequers_serial_rivers_large_a, chequers_serial_rivers_small_b,
          chequers_serial_rivers_marsh, chequers_serial_rivers_small_a,
          chequers_serial_rivers_small_b, infiniplex_staircase_pool
Lair:4:   layout_hall_layers, slime_entry_2
Lair:5:   grunt_lair_end_beastmaster, layout_gridlike,
          chequers_serial_rivers_large_b

Skill      XL: |  1  2  3  4  5  6  7  8  9 10 11 12 13 |
---------------+----------------------------------------+-----
Spellcasting   | 3 4 5 7 8 10 | 10.4
Necromancy     | 5 6 8 10 11 13 15 17 | 17.8
Short Blades   | 6 10 | 10.0
Summonings     | 4 |  4.0
Dodging        | |  1.5
Stealth        | |  2.4

Action                     |  1- 3 |  4- 6 |  7- 9 | 10-12 | 13-15 || total
---------------------------+-------+-------+-------+-------+-------++-------
  Melee: Hand axe          |    43 |    34 |   225 |    88 |       ||   390
         Bite              |     8 |     8 |    61 |   157 |    78 ||   312
         Punch             |       |       |     3 |     2 |       ||     5
         Short sword       |       |       |       |   308 |   157 ||   465
  Throw: Throwing net      |       |       |       |     1 |       ||     1
   Cast: Necrotise         |    12 |    60 |    53 |    55 |     9 ||   189
         Vampiric Draining |       |       |    13 |   119 |    49 ||   181
         Animate Dead      |       |       |     4 |    10 |     4 ||    18
         Martyr's Knell    |       |       |       |    23 |    21 ||    44
         Sublimation of Bl |       |       |       |     1 |       ||     1
         Curse of Agony    |       |       |       |       |     2 ||     2
 Invoke: Unearth Wretches  |       |       |       |     5 |     2 ||     7
  Evoke: Wand              |       |       |       |     3 |     2 ||     5
    Use: Scroll            |       |     3 |       |     7 |     4 ||    14
         Potion            |       |       |     1 |       |     4 ||     5
   Stab: Sleeping          |     9 |     1 |     1 |     1 |       ||    12
         Distracted        |       |       |     1 |     4 |     3 ||     8
         Paralysed         |       |       |       |     4 |     1 ||     5
 Armour: Robe              |    11 |    16 |   181 |   292 |   109 ||   609
         Steam dragon scal |       |       |       |    23 |       ||    23
  Dodge: Dodged            |    32 |    28 |   213 |   431 |   139 ||   843
